 Dungeon Crawl Stone Soup version 0.29.1-14-g9c671dbff4 (webtiles) character file.

Game seed: 10052644015960465805

161 KittyFluff the Cudgeller (level 5, -1/33 HPs)
             Began as a Gargoyle Berserker on Feb 14, 2023.
             Was a Follower of Trog.
             Slain by a jelly (3 damage)
             ... on level 3 of the Dungeon.
             The game lasted 00:07:22 (2136 turns).

KittyFluff the Cudgeller (Gargoyle Berserker)       Turns: 2136, Time: 00:07:23

Health: -1/33      AC:  0    Str: 21    XL:     5   Next: 42%
Magic:  5/5        EV: 12    Int:  7    God:    Trog [*.....]
Gold:   106        SH:  0    Dex: 11    Spells: 4/4 levels left

rFire   . . .      SeeInvis .   a - +0 mace
rCold   . . .      Faith    .   (no shield)
rNeg    + + .      Spirit   .   g - +0 leather armour
rPois   ∞          Reflect  .   (no helmet)
rElec   +          Harm     .   r - +0 cloak
rCorr   .          Rampage  .   (no gloves)
Will    .....                   (no boots)
Stlth   +.........              (no amulet)
HPRegen 0.11/turn               o - ring of positive energy
MPRegen 0.09/turn               (no ring)

@: corroded, slowed, very slow
A: sickness immunity, AC +4, negative energy resistance 1, electricity
resistance, torment resistance 1, petrification resistance
a: Renounce Religion, Berserk


You were on level 3 of the Dungeon.
You worshipped Trog.
Trog was aware of your devotion.
You visited 1 branch of the dungeon, and saw 3 of its levels.

You collected 106 gold pieces.

Inventory:

Hand Weapons
 a - a +0 mace (weapon)
 e - a +0 sling
 q - a +3 quarterstaff of chaos
Missiles
 d - 2 javelins (quivered)
 i - 12 stones
Armour
 c - a +0 ring mail
 g - a +0 leather armour (worn)
 m - the +4 ring mail of Woly {rF++ Will+ Dex-5}
   (You found it on level 2 of the Dungeon)

   Dex:       It affects your dexterity (-5).
   rF:        It greatly protects you from fire.
   Will:      It increases your willpower.
 r - a +0 cloak (worn)
Jewellery
 o - a ring of positive energy (left hand)
Scrolls
 h - a scroll of immolation {unknown}
 l - a scroll of identify {unknown}
Potions
 b - a potion of brilliance {unknown}
 f - a potion of haste {unknown}
 j - 2 potions of curing {unknown}
 k - a potion of heal wounds {unknown}
 n - a potion of mutation {unknown}
 p - a potion of invisibility {unknown}


   Skills:
 + Level 4.1 Fighting
 + Level 4.2 Maces & Flails
 * Level 3.7 Armour
 + Level 2.1 Dodging
 + Level 0.4 Stealth


You had 4 spell levels left.
You didn't know any spells.
Your spell library was empty.

Dungeon Overview and Level Annotations

Branches:
Dungeon (3/15)

Altars:
Fedhas
Gozag


Innate Abilities, Weirdness & Mutations

You are immune to sickness and miasma.
Your stone body is resilient. (AC +4)
You are immune to poison.
You resist negative energy. (rN+)
You are resistant to electric shocks. (rElec)
You are resistant to unholy torment.
You are immune to petrification.


Message History

Trog accepts your kill.
You see here a jackal corpse.
Jessica and a quokka come into view.
Jessica shouts!
Found a scroll labelled SAHAV ASEE.
You miss the quokka. The quokka bites you.
The quokka twitches its whiskers.
The quokka bites you but does no damage.
You hit the quokka.
You kill the quokka!
Trog accepts your kill.
Jessica mumbles some strange words.
Jessica seems to speed up.
Jessica barely misses you. Jessica hits you but does no damage.
You see here a quokka corpse.
You barely miss Jessica. Jessica barely misses you.
A jelly comes into view.
Jessica points at you and mumbles some strange words.
You feel yourself slow down.
You sock Jessica!
Jessica is almost dead.
Jessica hits you but does no damage. Jessica barely misses you.
You sock Jessica!
You kill Jessica!
Trog accepts your kill.
Trog appreciates your killing of a magic user.
You hit the jelly but do no damage. The acid corrodes you!
Your hands burn!
The jelly hits you. The acid corrodes you!
You are splashed with acid!
The jelly misses you.
You barely miss the jelly. The jelly hits you.
You are splashed with acid!
The jelly barely misses you.
You thump the jelly!
Your hands burn!
* * * LOW HITPOINT WARNING * * *
The jelly is severely wounded.
The jelly hits you.
* * * LOW HITPOINT WARNING * * *
You are splashed with acid.
* * * LOW HITPOINT WARNING * * *
The jelly hits you.
You die...

##########
#........#####
#...)†J@.....#
#...P♣...###.##
#...P.♣.P.#...##
#..#..♣♣♣...#..#
#..... PP..###.##
#.##...♣♣♣..##..# #
#.#...♣♣.###.########
#? #....##..##.....^
..##.....###.P.P..


You could see a jelly.

Vanquished Creatures
  Crazy Yiuf (D:2)
  Jessica (D:3)
  Natasha (thrice) (D:2)
  An adder (D:2)
  A worm (D:2)
  An endoplasm (D:1)
  3 hobgoblins (D:2)
  2 jackals (D:3)
  3 quokkas
  3 ball pythons
  A bat (D:2)
  A frilled lizard (D:1)
  3 goblins
  2 kobolds
26 creatures vanquished.

Vanquished Creatures (others)
  3 plants (D:3)
3 creatures vanquished.

Grand Total: 29 creatures vanquished

Notes
Turn   | Place    | Note
-------+----------+-------------------------------------------
     0 | D:1      | KittyFluff the Gargoyle Berserker began the quest for the
                  | Orb.
     0 | D:1      | Reached XP level 1. HP: 14/14 MP: 1/1
   233 | D:1      | Found a faded altar of an unknown god.
   606 | D:2      | Noticed Natasha
   609 | D:2      | Noticed a crimson imp
   611 | D:2      | Killed Natasha
   612 | D:2      | Reached XP level 2. HP: 19/20 MP: 2/2
   612 | D:2      | Reached XP level 3. HP: 23/24 MP: 3/3
   752 | D:2      | Identified the +4 ring mail of Woly {rF++ Will+ Dex-5}
  1074 | D:2      | Found an opulent altar of Gozag.
  1264 | D:2      | Noticed Natasha
  1275 | D:2      | Killed Natasha
  1276 | D:2      | Reached XP level 4. HP: 11/29 MP: 4/4
  1306 | D:2      | Noticed Natasha
  1320 | D:2      | Killed Natasha
  1827 | D:2      | Found a runed translucent door.
  1828 | D:2      | Noticed Crazy Yiuf
  1833 | D:2      | Killed Crazy Yiuf
  1834 | D:2      | Reached XP level 5. HP: 33/33 MP: 5/5
  1924 | D:3      | Found a blossoming altar of Fedhas.
  2123 | D:3      | Noticed Jessica
  2131 | D:3      | Killed Jessica
  2136 | D:3      | Slain by a jelly

Illustrated notes

Levels and vault maps discovered:
D:1:      dpeg_arrival_stonehenge_8_columns, layout_rooms,
          hellmonk_ecumenical_altar_zigzags, chequers_serial_rivers_large_a,
          minmay_cut_off
D:2:      layout_loops_ring, basic_altar, uniq_crazy_yiuf_cottage, uniq_natasha
D:3:      layout_rooms, fedhas_altar_1, serial_forest,
          infiniplex_forest_clump_long, infiniplex_forest_side_room,
          infiniplex_forest_clump_diagonal, infiniplex_forest_corner_1,
          infiniplex_forest_lined_3, infiniplex_forest_straight_4,
          infiniplex_forest_lined_2, nicolae_shop_vocational, uniq_jessica,
          uniq_ijyb

Skill      XL: |  1  2  3  4 |
---------------+-------------+-----
Armour         | 3 |  3.7
Fighting       | 4 |  4.1
Maces & Flails | 4 |  4.2
Dodging        | 2 |  2.1
Stealth        | |  0.4

Action                   |  1- 3 |  4- 6 || total
-------------------------+-------+-------++-------
Melee: Mace              |    67 |    32 ||    99
Invok: Berserk           |     2 |     2 ||     4
Armor: Leather armour    |    25 |     7 ||    32
Dodge: Dodged            |    36 |    22 ||    58
